 Dungeon Crawl Stone Soup version 0.22-a0-358-g7563fe7 (webtiles) character file.

109872 Amnesiac the Necromancer (level 16, -1/111 HPs)
             Began as a Mummy Necromancer on Apr 18, 2018.
             Was a High Priest of Sif Muna.
             Killed from afar by a naga ritualist (17 damage)
             ... with a lance of force
             ... on level 3 of the Lair of Beasts.
             The game lasted 01:30:37 (40816 turns).

Amnesiac the Necromancer (Mummy Necromancer)       Turns: 40816, Time: 01:30:38

Health: -1/111     AC: 10    Str: 11    XL:     16   Next: 5%
Magic:  0/37       EV: 15    Int: 19    God:    Sif Muna [*****.]
Gold:   1201       SH: 10    Dex: 15    Spells: 29/50 levels left

rFire    + . .     SeeInvis .   b - staff of death
rCold    . . .     Gourm    .   B - +0 shield
rNeg     + + +     Faith    .   o - +2 robe {Archmagi}
rPois    ∞         Spirit   +   e - +1 helmet
rElec    .         Reflect  .   J - scarf {Spirit}
rCorr    .         Harm     .   v - +2 pair of gloves
MR       ++...                  g - +0 pair of boots
Stlth    ++........             s - amulet of the acrobat
HPRegen  0.28/turn              f - ring of fire
MPRegen  0.25/turn              F - ring of protection from fire

@: no casting
A: no food or potions, fire vulnerability, cold resistance 1, negative energy
resistance 3, torment resistance, unbreathing, in touch with death 1
a: Stop Divine Energy, Channel Magic, Forget Spell, Renounce Religion


You were on level 3 of the Lair of Beasts.
You worshipped Sif Muna.
Sif Muna was extremely pleased with you.
You were not hungry.

You visited 6 branches of the dungeon, and saw 26 of its levels.

You collected 2529 gold pieces.
You spent 1328 gold pieces at shops.

Inventory:

Hand Weapons
 a - a +2 dagger of pain
 y - a +3 hunting sling of venom
 M - a +4 scimitar of flaming
 Q - the +9 demon blade of Wenum {venom, +Inv Str+4}
   (You found it on level 15 of the Dungeon)

   It poisons the flesh of those it strikes.
   It affects your strength (+4).
   It lets you turn invisible.
Missiles
 c - 4 javelins of penetration (quivered)
 C - 61 sling bullets
 I - 4 javelins
 L - 68 stones
Armour
 e - a +1 helmet (worn)
 g - a +0 pair of boots (worn)
 o - a +2 robe of the Archmagi (worn)
 v - a +2 pair of gloves (worn)
 B - a +0 shield (worn)
 J - a scarf of spirit shield (worn)
 O - a +0 buckler
Magical Staves
 b - an uncursed staff of death (weapon)
 m - an uncursed staff of wizardry
 D - an uncursed staff of air
 P - an uncursed staff of summoning
Jewellery
 f - a ring of fire (left hand)
 k - a +4 ring of intelligence
 n - an uncursed ring of wizardry
 s - an amulet of the acrobat (around neck)
 A - a +6 ring of dexterity
 F - a ring of protection from fire (right hand)
Wands
 l - a wand of digging (15)
 q - a wand of random effects (31)
 u - a wand of scattershot (1)
 H - a wand of polymorph (34)
 K - a wand of flame (10)
 N - a wand of acid (6)
Scrolls
 d - a scroll of enchant weapon {!r}
 h - 14 scrolls of remove curse {!r}
 i - 8 scrolls of teleportation {!r}
 j - 2 scrolls of fog {!r}
 p - 21 scrolls of identify {!r}
 r - 2 scrolls of fear {!r}
 t - 4 scrolls of noise {!r}
 w - 3 scrolls of amnesia {!r}
 x - 5 scrolls of blinking {!r}
 z - a scroll of summoning {!r}
 E - a scroll of magic mapping {!r}
 G - a scroll of silence {!r}


   Skills:
 - Level 6.0 Fighting
 - Level 7.5 Dodging
 - Level 1.5 Stealth
 - Level 7.5 Shields
 + Level 17.8 Spellcasting
 - Level 18.0 Necromancy
 - Level 8.4 Invocations


You had 29 spell levels left.
You knew the following spells:

 Your Spells              Type           Power        Failure   Level  Hunger
a - Agony                 Necr           ########     1%          5    N/A
b - Summon Ice Beast      Ice/Summ       ####....     65%         4    N/A
c - Infestation           Necr           ########..   34%         8    N/A
d - Vampiric Draining     Necr           ########..   0%          3    N/A
e - Pain                  Necr           ####         0%          1    N/A

Dungeon Overview and Level Annotations

Branches:
Dungeon (15/15)            Temple (1/1) D:5            Lair (6/6) D:9
  Swamp (0/4) Lair:4        Snake (1/4) Lair:3        Slime (0/5) Lair:6
    Orc (2/2) D:12            Elf (1/3) Orc:2        Vaults (0/5) D:14
 Depths (0/5) D:15

Altars:
Ashenzari
Cheibriados
Dithmenos
Elyvilon
Fedhas
Gozag
Kikubaaqudgha
Makhleb
Nemelex Xobeh
Okawaru
Qazlal
Sif Muna
Uskayaw
Vehumet
Wu Jian
Xom
Yredelemnul
Zin
The Shining One
Beogh

Shops:
D:5 [   D:8 ?   Orc:1 (   Orc:2 [=*(


Innate Abilities, Weirdness & Mutations

You do not eat or drink.
Your flesh is vulnerable to fire.
You are immune to poison.
Your flesh is cold resistant. (rC+)
You are immune to negative energy. (rN+++)
You are immune to unholy pain and torment.
You can survive without breathing.
You are in touch with the powers of death.


Message History

The anaconda completely misses you. x2
You regain access to your magic.
The anaconda completely misses you. You block the anaconda's attack.
Casting: Agony (safe; 1% risk of failure)
Confirm with . or Enter, or press ? or * to list all spells.
Aiming: Vampiric Draining (safe; 0% risk of failure)
Press: ? - help, Shift-Dir - straight line, f/p - anaconda
Aim: an anaconda (heavily wounded)
You feel a huge surge of power!
The anaconda is almost dead.
You feel life coursing into your body. Sif Muna grants you divine energy.
You briefly lose access to your magic!
You block the anaconda's attack. The anaconda misses you.
The anaconda completely misses you. The anaconda bites you!
* * * LOW HITPOINT WARNING * * *
Unknown command.
The naga ritualist gestures at you while chanting.
You block the lance of force. You block the anaconda's attack.
The anaconda misses you.
You regain access to your magic.
The anaconda grabs you. The anaconda misses you.
* * * LOW HITPOINT WARNING * * *
The anaconda constricts you.
Press: ? - help, v - describe, . - travel
Here: an anaconda (severely wounded, constricting you)
The floor.
Casting: Vampiric Draining (safe; 0% risk of failure)
Confirm with . or Enter, or press ? or * to list all spells.
Aiming: Vampiric Draining (safe; 0% risk of failure)
Press: ? - help, Shift-Dir - straight line, f/p - anaconda
Aim: an anaconda (severely wounded, constricting you)
You feel a huge surge of power!
The anaconda is almost dead.
You feel life coursing into your body. Sif Muna grants you divine energy.
You briefly lose access to your magic!
The anaconda bites you.
* * * LOW HITPOINT WARNING * * *
x2 The anaconda constricts you.
The naga ritualist spits poison at you. You block the splash of poison.
The anaconda bites you!
* * * LOW HITPOINT WARNING * * *
x2 The anaconda constricts you.
Unknown command.
You escape the anaconda's grasp.
Okay, then.
Evoke which item? (* to show all) (? for menu, Esc to quit)
Aiming: Corrosive Bolt
Press: ? - help, Shift-Dir - straight line, f/p - anaconda
Aim: an anaconda (almost dead)
Okay, then.
Press: ? - help, v - describe, . - travel
Here: an anaconda (almost dead)
The floor.
Evoke which item? (* to show all) (? for menu, Esc to quit)
Aiming: Scattershot
Press: ? - help, Shift-Dir - straight line, f/p - anaconda
Aim: an anaconda (almost dead)
The burst of metal fragments hits the anaconda. x2
You kill the anaconda!
Sif Muna accepts your kill.
The naga ritualist casts a spell at you.
The lance of force hits you!
You die...

...............###.#.#...........
#.##.#.##.##.####................
##..#.#..##.#..#.................
#.##.#.##.##.##..................
....#.#.................>........
.................................
..........<......................
.................................
................@................
.................................
.......................<.....###.
..............)....N..†.......##.
........................≈≈≈≈≈≈P##
.......)...............≈≈≈≈≈≈≈≈≈.
.......................≈≈≈.≈≈≈≈≈.
......................≈≈≈..P≈≈≈≈≈
......................≈≈....P.≈≈≈


You could see a naga ritualist.

Vanquished Creatures
  Kirke (Lair:3)
  A fire giant (D:15)
  A deep elf sorcerer (Elf:1)
  An orc warlord (Orc:2)
  Louise (D:15)
  A fire dragon (Lair:6)
  Fannar (D:10)
  An ogre mage (D:15)
  Harold (D:10)
  8 vault guards (D:14)
  2 anacondas (Lair:3)
  5 centaur warriors
  11 hydras
  11 two-headed ogres
  2 tengu warriors (D:14)
  An orc high priest (Orc:2)
  Urug (D:13)
  A fire crab (Lair:5)
  4 unseen horrors
  2 wizards
  5 ugly things
  3 orc sorcerers
  A lindwurm (Lair:6)
  2 mana vipers (Lair:3)
  An oklob plant (Lair:3)
  13 deep elf magi
  6 orc knights
  12 slime creatures
  3 manticores
  2 cyclopes (D:15)
  Psyche (D:12)
  13 black mambas
  3 torpor snails
  8 spiny frogs
  A kobold demonologist (Elf:1)
  4 rime drakes
  2 tengu conjurers
  11 komodo dragons
  5 trolls
  4 hornets
  A polar bear (Lair:4)
  A queen bee (Lair:3)
  A raiju (shapeshifter) (D:13)
  10 hippogriffs
  3 dream sheep (Lair:4)
  13 blink frogs
  2 shadows
  A vampire (D:15)
  42 yaks
  Sigmund (D:3)
  8 wyverns
  A yak (shapeshifter) (D:15)
  8 basilisks
  3 hogs
  4 steam dragons
  3 hungry ghosts
  A fire elemental (Elf:1)
  3 wargs
  3 nagas
  2 acid dragons
  4 hell hounds
  14 water moccasins
  12 porcupines
  3 ice beasts
  6 sky beasts
  A swamp drake (D:12)
  4 black bears
  28 orc warriors
  2 phantoms
  11 wolves
  9 ogres
  8 centaurs
  12 crocodiles
  3 big kobolds
  20 bullfrogs
  A water moccasin zombie (D:9)
  2 water moccasin skeletons
  5 scorpions
  38 killer bees
  4 wights
  An electric eel (D:15)
  15 howler monkeys
  5 lava snakes (Lair:6)
  5 crimson imps
  2 bullfrog zombies
  A quasit (D:8)
  3 centaur zombies
  8 hounds
  2 centaur skeletons
  11 orc priests
  8 jellies
  23 orc wizards
  A bullfrog skeleton (D:12)
  3 iguanas
  10 worker ants
  Natasha (thrice) (D:2)
  A hell rat (Lair:3)
  2 hound zombies
  A howler monkey zombie (D:7)
  16 adders
  4 river rats
  A shadow imp (D:9)
  5 oozes
  5 worms
  A dart slug (D:4)
  6 leopard geckos
  75 orcs
  3 ball pythons
  7 bats (D:2)
  3 giant cockroaches
  11 goblins
  5 hobgoblins
  7 jackals
  23 kobolds
  7 quokkas
  2 frilled lizards
  3 quokka skeletons
  2 rats
  3 fungi
749 creatures vanquished.

Vanquished Creatures (collateral kills)
  Azrael (D:13)
  A centaur warrior (D:13)
  An ugly thing (D:13)
  A manticore (D:13)
  3 oklob plants (Lair:3)
  A centaur zombie (D:12)
  2 molten gargoyles
  2 centaur skeletons
  3 gargoyles
  An efreet (D:15)
  A meliai zombie (D:15)
  2 fire elementals (D:13)
  A wraith (D:12)
  5 hell hounds
  An orc warrior (D:13)
  A crimson imp (D:15)
  An orc priest (D:13)
  An orc wizard (D:13)
  2 orcs (D:13)
  A plant (D:12)
32 creatures vanquished.

Vanquished Creatures (others)
  A boggart (Elf:1)
  A crocodile (Lair:6)
  A water moccasin skeleton (D:10)
  A killer bee zombie (D:8)
  52 fungi
  51 plants
107 creatures vanquished.

Grand Total: 888 creatures vanquished

Notes
Turn   | Place    | Note
-------+----------+-------------------------------------------
     0 | D:1      | Amnesiac the Mummy Necromancer began the quest for the Orb.
     0 | D:1      | Reached XP level 1. HP: 13/13 MP: 4/4
   364 | D:2      | Reached XP level 2. HP: 20/20 MP: 0/5
   499 | D:2      | You fall through a shaft for 2 floors!
   655 | D:3      | Reached skill level 1 in Fighting
   655 | D:3      | Reached XP level 3. HP: 25/26 MP: 0/7
   660 | D:3      | Learned a level 3 spell: Vampiric Draining
   884 | D:3      | Noticed Sigmund
   896 | D:3      | Killed Sigmund
   896 | D:3      | Reached XP level 4. HP: 16/33 MP: 0/9
   896 | D:3      | Reached XP level 5. HP: 19/38 MP: 0/10
  1098 | D:5      | Entered Level 5 of the Dungeon
  1145 | D:5      | Noticed an ogre
  1369 | D:6      | Reached XP level 6. HP: 4/46 MP: 0/12
  1756 | D:6      | Found a hide-covered altar of Uskayaw.
  1759 | D:6      | Reached skill level 5 in Necromancy
  1942 | D:5      | Found Unom's Armour Emporium.
  1942 | D:5      | Noticed a sky beast
  1961 | D:6      | Killed a sky beast
  2087 | D:5      | Found a staircase to the Ecumenical Temple.
  2110 | Temple   | Entered the Ecumenical Temple
  2135 | Temple   | Reached XP level 7. HP: 26/52 MP: 8/14
  2159 | Temple   | Became a worshipper of Sif Muna the Loreminder
  2263 | D:2      | Noticed Natasha
  2278 | D:2      | Killed Natasha
  2278 | D:2      | Reached skill level 5 in Spellcasting
  3118 | D:2      | Noticed Natasha
  3125 | D:2      | Killed Natasha
  3462 | D:2      | Noticed Natasha
  3480 | D:2      | Killed Natasha
  4443 | D:4      | Reached * piety under Sif Muna
  4443 | D:4      | Reached skill level 6 in Necromancy
  4729 | D:4      | Reached XP level 8. HP: 46/58 MP: 17/17
  5274 | D:5      | Reached skill level 7 in Necromancy
  5591 | D:5      | Noticed a hippogriff
  5598 | D:5      | Killed a hippogriff
  5598 | D:5      | Reached ** piety under Sif Muna
  5831 | D:5      | Reached skill level 8 in Necromancy
  6170 | D:6      | Found a shattered altar of Ashenzari.
  6653 | D:7      | Reached XP level 9. HP: 64/64 MP: 20/20
  6670 | D:7      | Reached skill level 9 in Necromancy
  6746 | D:7      | Reached *** piety under Sif Muna
  7057 | D:7      | Got a shimmering spear
  7058 | D:7      | Identified the +11 spear of Light {antimagic, Str+4 Dex+5} (You found it on level 7 of the Dungeon)
  7366 | D:7      | Found an ancient bone altar of Kikubaaqudgha.
  7899 | D:8      | Noticed a two-headed ogre
  7903 | D:8      | Reached skill level 10 in Necromancy
  7920 | D:8      | Found Doivigil's Magic Scroll Emporium.
  7922 | D:8      | Bought a scroll of teleportation for 36 gold pieces
  7922 | D:8      | Bought a scroll of fear for 42 gold pieces
  7922 | D:8      | Bought a scroll of noise for 12 gold pieces
  7922 | D:8      | Bought a scroll of immolation for 42 gold pieces
  7922 | D:8      | Bought a scroll of fog for 24 gold pieces
  7922 | D:8      | Bought a scroll of teleportation for 36 gold pieces
  7922 | D:8      | Bought a scroll of teleportation for 36 gold pieces
  7922 | D:8      | Bought a scroll of enchant armour for 90 gold pieces
  7948 | D:8      | Noticed a two-headed ogre
  7966 | D:8      | Killed a two-headed ogre
  7966 | D:8      | Reached **** piety under Sif Muna
  7974 | D:8      | Killed a two-headed ogre
  7974 | D:8      | Reached skill level 11 in Necromancy
  7974 | D:8      | Reached XP level 10. HP: 36/70 MP: 10/23
  8206 | D:8      | Found a shimmering altar of Xom.
  8206 | D:8      | Found a shimmering altar of Xom.
  8207 | D:8      | Found a shimmering altar of Xom.
  8215 | D:8      | Reached skill level 10 in Spellcasting
  8252 | D:8      | Found a shimmering altar of Xom.
  8257 | D:8      | Found a shimmering altar of Xom.
  8257 | D:8      | Found a shimmering altar of Xom.
  8269 | D:8      | Found a shimmering altar of Xom.
  8742 | D:8      | Noticed a two-headed ogre
  8764 | D:8      | Killed a two-headed ogre
  8835 | D:9      | Reached skill level 12 in Necromancy
  8869 | D:9      | Reached ***** piety under Sif Muna
  8923 | D:8      | Identified Sif Muna's Papyrus of Gliding Battle Magic (Sif Muna gifted it to you on level 8 of the Dungeon)
  8923 | D:8      | Received a gift from Sif Muna
  9135 | D:9      | Reached skill level 1 in Invocations
  9238 | D:9      | Found a glowing golden altar of the Shining One.
  9434 | D:9      | Found a staircase to the Lair.
  9930 | Lair:1   | Entered Level 1 of the Lair of Beasts
 10038 | Lair:1   | Noticed a four-headed hydra
 10048 | Lair:1   | Killed a four-headed hydra
 10048 | Lair:1   | Reached XP level 11. HP: 26/75 MP: 13/26
 10211 | Lair:1   | Reached skill level 5 in Invocations
 10454 | Lair:1   | Noticed a four-headed hydra
 10473 | Lair:1   | Killed a four-headed hydra
 11231 | Lair:2   | Noticed a four-headed hydra
 11296 | Lair:2   | Killed a four-headed hydra
 11633 | Lair:2   | Reached skill level 1 in Shields
 12644 | Lair:3   | Reached XP level 12. HP: 65/81 MP: 21/28
 13566 | Lair:3   | Reached skill level 13 in Necromancy
 13871 | Lair:3   | Identified Sif Muna's Almanac of Malediction and Conjuration (Sif Muna gifted it to you on level 3 of the Lair of Beasts)
 13871 | Lair:3   | Received a gift from Sif Muna
 14084 | Lair:3   | Found a staircase to the Snake Pit.
 14793 | Lair:3   | Learned a level 4 spell: Summon Ice Beast
 16045 | Lair:4   | Noticed an eight-headed hydra
 16082 | Lair:4   | Killed an eight-headed hydra
 16205 | Lair:4   | Reached skill level 14 in Necromancy
 16442 | Lair:4   | Found a staircase to the Swamp.
 16689 | Lair:4   | Gained mutation: You are in touch with the powers of death. [Mummy growth]
 16689 | Lair:4   | Reached XP level 13. HP: 23/87 MP: 24/30
 17778 | Lair:5   | Found a runed door.
 18328 | Lair:5   | Reached skill level 15 in Necromancy
 18338 | Lair:5   | Got a heavily runed scale mail
 18355 | Lair:5   | Identified the +0 scale mail "Tezol" {rF- Regen+ Int+8} (You found it on level 5 of the Lair of Beasts)
 18387 | Lair:6   | Entered Level 6 of the Lair of Beasts
 18478 | Lair:5   | Identified Culit's Volume of the Ghastly Escort (Sif Muna gifted it to you on level 5 of the Lair of Beasts)
 18478 | Lair:5   | Received a gift from Sif Muna
 18597 | Lair:5   | Learned a level 5 spell: Agony
 18606 | Lair:5   | Learned a level 8 spell: Infestation
 19148 | Lair:6   | Reached skill level 5 in Shields
 19241 | Lair:6   | Reached skill level 5 in Dodging
 20487 | Lair:5   | You fall through a shaft!
 20488 | Lair:6   | Found a staircase to the Slime Pits.
 21958 | Lair:6   | Found a large runed door.
 21970 | Lair:6   | Found a large runed door.
 22376 | Lair:6   | Noticed a fire dragon
 22659 | Lair:6   | Killed a fire dragon
 22659 | Lair:6   | Reached skill level 5 in Fighting
 22768 | Lair:5   | Reached XP level 14. HP: 34/98 MP: 10/32
 23194 | D:10     | Entered Level 10 of the Dungeon
 23348 | D:10     | Noticed Harold
 23358 | D:10     | Killed Harold
 23440 | D:10     | Noticed Fannar
 23449 | D:10     | Killed Fannar
 24157 | D:10     | Reached skill level 15 in Spellcasting
 26007 | D:12     | Noticed Psyche
 26013 | D:12     | Killed Psyche
 26860 | D:12     | Found a staircase to the Orcish Mines.
 26879 | Orc:1    | Entered Level 1 of the Orcish Mines
 26891 | Orc:1    | Reached skill level 16 in Necromancy
 26990 | Orc:2    | Entered Level 2 of the Orcish Mines
 27033 | Orc:1    | Found Qerej's Antique Weapon Boutique.
 27488 | Orc:2    | Identified Sif Muna's Volume of Earth and Beguiling (Sif Muna gifted it to you on level 2 of the Orcish Mines)
 27488 | Orc:2    | Received a gift from Sif Muna
 27618 | Orc:2    | Noticed an orc warlord
 27638 | Orc:2    | Killed an orc warlord
 28664 | Orc:2    | Found a staircase to the Elven Halls.
 28878 | Orc:2    | Found a roughly hewn altar of Beogh.
 28955 | Orc:2    | Found Damaguru's Antique Armour Shop.
 28966 | Orc:2    | Found Toetawnok's Jewellery Shop.
 29012 | Orc:2    | Found Qaddec's General Store.
 29117 | Orc:2    | Found Ireqi's Antique Weapon Shop.
 30048 | Orc:2    | Bought a pair of scorched boots for 304 gold pieces
 30058 | Orc:2    | Identified the +1 pair of boots of Lugonu's Hope {MR- Regen+ Dex+9} (You bought it in a shop on level 2 of the Orcish Mines)
 30062 | Orc:2    | Bought a runed robe for 118 gold pieces
 30062 | Orc:2    | Bought a runed robe for 118 gold pieces
 30084 | Orc:2    | Bought a glowing robe for 118 gold pieces
 30109 | Orc:2    | Bought a glowing helmet for 240 gold pieces
 30136 | Orc:2    | Bought a scroll of enchant weapon for 112 gold pieces
 30188 | Elf:1    | Entered Level 1 of the Elven Halls
 30213 | Elf:1    | Reached skill level 17 in Necromancy
 30281 | Elf:1    | Found a radiant altar of Vehumet.
 30851 | Elf:1    | Noticed a deep elf sorcerer
 30873 | Elf:1    | Killed a deep elf sorcerer
 31641 | D:13     | Identified Sif Muna's Papyrus of Captivating Feathers (Sif Muna gifted it to you on level 13 of the Dungeon)
 31641 | D:13     | Received a gift from Sif Muna
 31953 | D:13     | Reached XP level 15. HP: 87/103 MP: 25/34
 31995 | D:13     | Noticed Urug
 32004 | D:13     | Killed Urug
 32293 | D:13     | Reached skill level 18 in Necromancy
 32395 | D:13     | Noticed Azrael
 32401 | D:13     | Killed Azrael
 32445 | D:13     | Found a white marble altar of Elyvilon.
 34291 | D:14     | Found a gate to the Vaults.
 34461 | D:14     | HP: 5/105 [vault guard/battleaxe (17)]
 35323 | D:15     | Entered Level 15 of the Dungeon
 36494 | D:15     | Noticed Louise
 36784 | D:15     | Killed Louise
 37970 | D:15     | Found a staircase to the Depths.
 37970 | D:15     | Noticed a fire giant
 38008 | D:15     | Killed a fire giant
 38096 | D:15     | Identified Sif Muna's Disquisition on the Escort and Translocation (Sif Muna gifted it to you on level 15 of the Dungeon)
 38096 | D:15     | Received a gift from Sif Muna
 38981 | D:15     | Got a shimmering demon blade
 38982 | D:15     | Identified the +9 demon blade of Wenum {venom, +Inv Str+4} (You found it on level 15 of the Dungeon)
 39727 | Snake:1  | Entered Level 1 of the Snake Pit
 39962 | Snake:1  | Noticed Kirke
 40361 | Lair:3   | Reached XP level 16. HP: 74/111 MP: 6/37
 40639 | Lair:3   | Killed Kirke
 40816 | Lair:3   | Killed from afar by a naga ritualist

Vault maps used:
D:1:      lordsloth_arrival_two_stooges
D:2:      minmay_item_behind_shaft, hangedman_decor_points, uniq_natasha
D:3:      uniq_sigmund
D:4:      minmay_tree_intersection
D:5:      kennysheep_big_flooded_room, minmay_temple_entry_junction,
          first_ration, serial_shops, shop
D:6:      eat_drink_and_be_merry_uskayaw, basic_altar, minmay_ogre_servants
D:7:      kennysheep_mini, grunt_ogre_cave
D:8:      nicolae_xom_altar_mimics, serial_shops, shop, minmay_three_doors
D:9:      nicolae_overflow_hidden_temple, due_lair_maze_entry_diamond,
          nicolae_tso_swordbearing_angel
D:10:     grunt_ministairs_8, uniq_fannar, uniq_harold
D:12:     david_orc_4, pond, uniq_psyche
D:13:     basic_altar, uniq_urug, uniq_azrael
D:14:     erik_vaults_2, hangedman_decor_riveting
D:15:     grunt_enter_depths_giant_problem, serial_bayou_pond_e, minivault_11,
          mumra_transporter_accident, grunt_ministairs_7, lightli_minifort,
          uniq_louise
Temple:   compressed_dpeg_circular_temple
Lair:1:   grunt_megastairs_1
Lair:2:   serial_bayou_pond_e
Lair:3:   hangedman_what_comes_after_a, guppyfry_snake_entry_island
Lair:4:   minmay_lair_venomous_thicket, swamp_mist, serial_bayou_shore_b,
          grunt_megastairs_5, lemuel_fruit_fields
Lair:5:   pf_torpor_hydra
Lair:6:   cheibrodos_lair_end_hotspot, nicolae_slime_entry_slimehenge
Snake:1:  basic_altar, uniq_aizul, uniq_agnes, uniq_kirke
Orc:1:    serial_shops, shop, nicolae_orc_sculptors_studio
Orc:2:    grunt_orc_cross
Elf:1:    eino_elf_arrival_altar, serial_shops, nicolae_shop_statue_plus,
          hangedman_elf_disciples, dk_noncrumbling_3, st_stairs_3, spider_trap

Skill      XL: |  1  2  3  4  5  6  7  8  9 10 11 12 13 14 15 |
---------------+----------------------------------------------+-----
Dodging        | 2 3 4 6 7 |  7.5
Spellcasting   | 3 4 6 7 9 11 12 13 14 15 17 | 17.8
Fighting       | 1 2 3 5 6 |  6.0
Necromancy     | 5 6 8 11 12 14 15 17 18 | 18.0
Invocations    | 4 8 |  8.4
Shields        | 2 4 6 7 |  7.5
Stealth        | |  1.5

Action                   |  1- 3 |  4- 6 |  7- 9 | 10-12 | 13-15 | 16-18 || total
-------------------------+-------+-------+-------+-------+-------+-------++-------
Melee: Unarmed           |     5 |       |       |       |       |       ||     5
       Mace              |    11 |    38 |    82 |       |       |       ||   131
       Hunting sling     |       |       |     2 |       |     1 |       ||     3
       Staff             |       |       |       |    32 |    11 |     3 ||    46
       Dagger            |       |       |       |       |   180 |       ||   180
       Scimitar          |       |       |       |       |    17 |       ||    17
       Demon blade       |       |       |       |       |     7 |       ||     7
 Fire: Hunting sling     |       |       |   535 |   569 |  1411 |       ||  2515
Throw: Javelin           |     4 |       |       |     3 |     2 |       ||     9
 Cast: Pain              |    46 |    23 |     2 |   292 |    42 |     2 ||   407
       Vampiric Draining |     3 |    13 |    36 |   239 |   327 |     6 ||   624
       Summon Ice Beast  |       |       |       |    15 |    56 |       ||    71
       Agony             |       |       |       |       |   377 |    13 ||   390
       Infestation       |       |       |       |       |     3 |       ||     3
Invok: Divine Energy     |       |       |     1 |       |       |       ||     1
       Channel Magic     |       |       |       |       |     1 |       ||     1
Evoke: Wand              |       |       |       |    22 |    19 |     1 ||    42
       Phantom mirror    |       |       |       |       |     1 |       ||     1
  Use: Scroll            |     4 |     3 |     6 |     4 |    12 |       ||    29
 Stab: Distracted        |       |       |       |       |     2 |       ||     2
       Sleeping          |       |       |       |       |     1 |       ||     1
Armor: Robe              |    10 |    28 |   126 |    12 |   313 |     9 ||   498
       Leather armour    |       |       |       |   305 |   113 |       ||   418
       Steam dragon scal |       |       |       |       |    52 |       ||    52
       Troll leather arm |       |       |       |       |    13 |       ||    13
Dodge: Dodged            |    37 |    76 |   366 |   765 |  1376 |    40 ||  2660
Block: Shield            |       |       |       |       |   115 |    30 ||   145
       Rpst.: Scimitar   |       |       |       |       |     6 |       ||     6

Table legend:
 A = Spawn XP
 B = Non-spawn XP
 C = Spawn XP percentage of total XP
 D = Spawn monster count
 E = Non-spawn monster count
 F = Spawn count percentage of total count
 G = Total turns spent on level
                    A         B        C        D         E        F      G
               +---------+---------+-------+---------+---------+-------+---------
         Total |       0 |  156960 |   0.0 |       0 |     781 |   0.0 | 40816
               +---------+---------+-------+---------+---------+-------+---------
           D:1 |       0 |      22 |   0.0 |       0 |      12 |   0.0 |   708
           D:2 |       0 |     154 |   0.0 |       0 |      25 |   0.0 |  1140
           D:3 |       0 |     317 |   0.0 |       0 |      20 |   0.0 |  1400
           D:4 |       0 |     512 |   0.0 |       0 |      21 |   0.0 |   689
           D:5 |       0 |     853 |   0.0 |       0 |      15 |   0.0 |  1307
           D:6 |       0 |     760 |   0.0 |       0 |      25 |   0.0 |  1585
           D:7 |       0 |    1011 |   0.0 |       0 |      21 |   0.0 |  1219
           D:8 |       0 |    4414 |   0.0 |       0 |      26 |   0.0 |  1017
           D:9 |       0 |    2952 |   0.0 |       0 |      37 |   0.0 |  1302
          D:10 |       0 |    3416 |   0.0 |       0 |      22 |   0.0 |  1043
          D:11 |       0 |    2608 |   0.0 |       0 |      17 |   0.0 |   947
          D:12 |       0 |    7367 |   0.0 |       0 |      52 |   0.0 |  2048
          D:13 |       0 |    9878 |   0.0 |       0 |      44 |   0.0 |  1488
          D:14 |       0 |   17174 |   0.0 |       0 |      41 |   0.0 |  2628
          D:15 |       0 |   22954 |   0.0 |       0 |      46 |   0.0 |  3486
        Temple |       0 |      45 |   0.0 |       0 |       2 |   0.0 |   126
        Lair:1 |       0 |    3823 |   0.0 |       0 |      10 |   0.0 |  1127
        Lair:2 |       0 |    6142 |   0.0 |       0 |      25 |   0.0 |  1618
        Lair:3 |       0 |   17088 |   0.0 |       0 |      80 |   0.0 |  4016
        Lair:4 |       0 |   10934 |   0.0 |       0 |      51 |   0.0 |  2181
        Lair:5 |       0 |    8959 |   0.0 |       0 |      29 |   0.0 |  2377
        Lair:6 |       0 |   14280 |   0.0 |       0 |      54 |   0.0 |  3002
       Snake:1 |       0 |     160 |   0.0 |       0 |       1 |   0.0 |    62
         Orc:1 |       0 |     906 |   0.0 |       0 |      20 |   0.0 |   670
         Orc:2 |       0 |   10336 |   0.0 |       0 |      68 |   0.0 |  2670
         Elf:1 |       0 |    9895 |   0.0 |       0 |      17 |   0.0 |   960
               +---------+---------+-------+---------+---------+-------+---------
